Map: Tokamak LE

Players

Lunos

  • Race: Protoss Protoss
  • League: Gold
  • Spawn Location: 1:00

Sindyr - Winner!

  • Race: Zerg Zerg
  • League: Master
  • Spawn Location: 7:00

VOD

Have the link to the VOD?

Description

Time

  • Played on: Oct. 21, 2025, 3:19 p.m.
  • Length: 6:30
Show
View Real Time Build Order
Export as new Build Order

Lunos Protoss 

Build Orders:  

Get SALT Encoding   

  12  0:00  Probe  
  13  0:12  Probe  
  14  0:18  Pylon  
  14  0:24  Probe  
  15  0:33  Probe  
  15  0:41  Probe  
  17  0:50  Pylon  
  17  0:51  Probe  
  18  1:03  Probe  
  19  1:06  Forge  
  19  1:15  Probe  
  20  1:27  Probe  
  21  1:39  Probe  
  22  1:41  Pylon  
  22  1:46  Nexus  
  22  1:51  Probe  
  23  2:00  Photon Cannon  
  23  2:03  Probe  
  23  2:12  Photon Cannon  
  23  2:15  Probe  
  23  2:20  Gateway  
  24  2:27  Probe  
  24  2:29  Assimilator  
  25  2:32  Pylon  
  25  2:38  Assimilator  
  25  2:45  Pylon  
  25  3:04  Probe  
  26  3:09  Probe  
  27  3:14  Nexus  
  27  3:17  Probe x2  
  28  3:22  Assimilator  
  28  3:25  Probe  
  29  3:29  Probe  
  29  3:32  Pylon  
  31  3:37  Probe  
  31  3:40  Assimilator  
  31  3:41  Probe  
  33  3:47  Cybernetics Core  
  33  3:53  Photon Cannon  
  33  3:55  Protoss Ground Weapons Level 1, Probe  
  34  3:59  Probe  
  35  4:07  Probe  
  36  4:11  Probe  
  36  4:15  Gateway  
  37  4:17  Warp Gate  
  37  4:19  Probe  
  37  4:23  Probe  
  37  4:24  Pylon  
  39  4:28  Probe  
  40  4:36  Probe x2  
  40  4:37  Probe  
  42  4:43  Pylon  
  42  4:45  Probe  
  43  4:48  Probe  
  43  4:49  Probe  
  43  4:51  Twilight Council  
  46  4:57  Probe  
  47  5:00  Probe  
  47  5:02  Gateway  
  47  5:04  Gateway  
  48  5:08  Probe  
  48  5:09  Pylon, Probe  
  48  5:13  Pylon  
  50  5:22  Probe  
  50  5:23  Probe  
  50  5:25  Photon Cannon  
  50  5:27  Photon Cannon  
  52  5:29  Shield Battery  
  52  5:31  Probe  
  52  5:33  Assimilator  
  52  5:35  Probe x2  
  55  5:43  Probe  
  43  6:00  Photon Cannon  
  43  6:04  Photon Cannon  
  40  6:12  Photon Cannon  
  40  6:15  Stalker  
  40  6:16  Stalker  
Show
View Real Time Build Order
Export as new Build Order

Sindyr Zerg - Winner!

Build Orders: Pool First 

Get SALT Encoding   

  12  0:02  Drone  
  13  0:10  Drone  
  13  0:13  Extractor  
  13  0:15  Drone  
  14  0:23  Overlord  
  15  0:42  Drone  
  16  0:46  Spawning Pool  
  16  0:47  Drone  
  16  0:49  Drone  
  18  0:57  Drone  
  18  1:21  Extractor  
  17  1:32  Hatchery  
  17  1:33  Zergling x2  
  17  1:34  Zergling x4  
  19  1:42  Queen  
  21  1:48  Overlord  
  21  2:25  Lair  
  21  2:28  Drone  
  21  2:29  Drone x2  
  24  2:40  Drone  
  24  2:42  Extractor  
  24  2:45  Hatchery  
  23  2:54  Queen  
  23  2:56  Drone x2  
  27  3:11  Drone x2, Baneling Nest  
  28  3:14  Drone  
  29  3:20  Metabolic Boost  
  29  3:24  Drone  
  29  3:26  Drone  
  31  3:30  Drone  
  32  3:44  Zergling x6  
  35  3:58  Roach Warren  
  35  4:01  Zergling x8  
  38  4:03  Zergling x2  
  38  4:06  Zergling x2  
  40  4:17  Queen  
  42  4:35  Overlord  
  42  4:54  Zergling x16  
  50  5:12  Overseer  
  50  5:19  Evolution Chamber, Drone  
  50  5:20  Overlord x2  
  43  6:29  Hydralisk Den  
Tags
 
Matchup
PvZ
Opening
Pool First
Replay Pack
Multiplayer
Spawn Locations
Cross Positions
Add a new tag
Caveats
  • Supply blocks, unpowered buildings, or Contaminate may cause inaccurate times.
  • Supply counts are checked every 10 seconds.